cohdb
Replays
Latest Replays
All Replays
Popular Replays
Top Player Replays
Match Explorer
How It Works
Community
CoH3 Stats
Reddit
Sign in to upload your games and track your stats! →
Sign in with Steam
Match 39285047
Unlisted
Match 39285047
Overview
Messages
Build Orders
End
Kradschützen Motorcycle Team
Panzergrenadier Squad
Panzergrenadier Squad
Panzergrenadier Squad
Construct Light Support Kompanie
Fire Support Elements
Veteran Squad Leaders
Flakvierling Half-track
Pak 38 Mechanized Group
Construct Mechanized Kompanie
Selects Battlefield Espionage Battlegroup
Selects Battlefield Espionage Battlegroup
Selects Intel Disruption Beacon
Selects Plunder
StuG III D Assault Gun
Selects 250/3 Funkpanzerwagen
Selects Anti-Tank Incendiary Munitions
MG34 Team
Construct Panzerarmee Kommand
254 Reconnaissance Tractor
Dominik
beniu
BIOHAZARD
Decapsy
0
0
Comments
sign in to comment!
No comments posted yet!